Unix NetHack Version 5.0.0-0 post-release - last build May 30 2026 05:04:26 (55804bc15828dd6e32e9076e0726aa6fccb6e981,branch:main).

Game began 2026-05-31 08:38:47, ended 2026-05-31 08:53:44.

Atomicjoy, chaotic male elven Wizard

        ------------           ----------------             ---------------
        |........*.|           |...............#############..............|
        |..........|           |..............|             |.............|
        |..........-#########  |..............|             |.............|
        -.--------.-         ##-..............|             |.............|
                  #         ###---+------------             |......<......|
                  #                                         ----.----.-----
                  ##                                            #    #
                   #                                            #
                   #                                            ###
                   ##                                   ----------|-----
                ----|----                          `####..`..._........|
                |........       ----------------####    |........._....|
                ....(...|       |..............|#   ####-..............|
                |..f....|       |..............|#   #   |............_.|
                :.@......       |..............|#  ##   ----------------
                ---------       |>.............-####
                                ----------------#

Atomicjoy the Evoker      St:9 Dx:16 Co:14 In:20 Wi:8 Ch:9  Chaotic
Dlvl:3  $:16 HP:2(13) Pw:7(7) AC:9  Xp:1/12 T:1064  Burdened

Latest messages:
 You resume your attempt to force the lock.
 The hobbit wields an elven dagger!
 The kitten bites the hobbit.
 The hobbit thrusts her elven dagger at the kitten.
 The hobbit misses the kitten.
 The hobbit throws an elven dagger!
 The elven dagger misses the kitten.
 You are hit by an elven dagger.
 You stop forcing the lock.
 C - an elven dagger.
 What do you want to wield? [- aAC or ?*] C
 C - an elven dagger (weapon in right hand).
 There is a locked large box here; force its lock? [ynq] (q) y
 You force your elven dagger into a crack and pry.
 Your elven dagger broke!
 You give up your attempt to force the lock.
 What do you want to wield? [- aA or ?*] a
 a - a blessed +1 quarterstaff (weapon in hands).
 There is a locked large box here; force its lock? [ynq] (q) y
 You start bashing it with your quarterstaff.
 You stop forcing the lock.
 You resume your attempt to force the lock.
 You succeed in forcing the lock.
 Pick a monster, object or location.
 Unknown direction: 'l' (use '4', '2', '8', '6' or '.').
 Unknown direction: 'l' (use '4', '2', '8', '6' or '.').
 @        a human or elf (elven wizard called Atomicjoy)
 Are you waiting to get hit?  Use 'm' prefix to force a no-op (to rest).
 D - a melon.
 E - a spellbook of detect monsters.
 You have a little trouble removing a spellbook of light.  Continue? [ynq] (q) y
 You have a little trouble removing F - a spellbook of light.
 G - a cyan potion.
 H - 2 green gems.
 Your movements are slowed slightly because of your load.
 The hobbit hits!
 The kitten misses the hobbit.
 The kitten bites the hobbit.
 The hobbit misses the kitten.
 Are you sure you want to pray? [yn] (n) y
 You begin praying to Anhur.
 The kitten misses the hobbit.
 The hobbit hits!
 The kitten misses the hobbit.
 The kitten bites the hobbit.
 The hobbit is killed!
 You finish your prayer.
 You feel that Anhur is displeased.
 Really quit without saving? [yn] (n) y
 Do you want your possessions identified? [ynq] (y) q

Inventory:
 Coins    ('$')
  $ - 16 gold pieces
 Weapons  (')')
  a - a blessed +1 quarterstaff (weapon in hands)
  A - a +0 bec de corbin
 Armor    ('[')
  b - an uncursed +0 cloak of magic resistance (being worn)
 Comestibles  ('%')
  z - an uncursed food ration
  D - an uncursed melon
  B - an uncursed lichen corpse
 Scrolls  ('?')
  k - an uncursed scroll of charging
  r - a cursed scroll of enchant armor
  i - a blessed scroll of identify
  j - an uncursed scroll of remove curse
  v - an uncursed scroll of scare monster
 Spellbooks  ('+')
  m - an uncursed spellbook of cure sickness
  E - an uncursed spellbook of detect monsters
  l - a blessed spellbook of force bolt
  F - an uncursed spellbook of light
 Potions  ('!')
  y - an uncursed potion of confusion
  h - an uncursed potion of gain energy
  p - an uncursed potion of levitation
  u - an uncursed potion of monster detection
  q - an uncursed potion of object detection
  w - an uncursed potion of paralysis
  g - an uncursed potion of restore ability
  G - an uncursed potion of see invisible
  f - an uncursed potion of speed
  s - a potion of holy water named B
  x - 2 potions of holy water named U
 Rings    ('=')
  d - an uncursed +1 ring of gain strength
  e - an uncursed ring of searching
 Wands    ('/')
  c - a wand of speed monster (0:2)
 Tools    ('(')
  o - an uncursed tooled horn
  n - a magic marker (0:20)
 Gems/Stones  ('*')
  H - 2 uncursed worthless pieces of green glass

Atomicjoy the Wizard's attributes:

Background:
 You were an Evoker, a level 1 male elven Wizard.
 You were chaotic, on a mission for Anhur
 who was opposed by Ptah (lawful) and Thoth (neutral).
 You were right-handed.
 You were in the Dungeons of Doom, on level 3.
 You entered the dungeon 1064 turns ago.
 There was a full moon in effect when your adventure ended.
 You had 12 experience points, 8 more were needed to attain level 2.

Basics:
 You had 2 out of 13 hit points.
 You had all 7 energy points (spell power).
 Your armor class was 9.
 Your wallet contained 16 zorkmids.
 Autopickup was off.

Final Characteristics:
 Your strength was 9 (limit:18).
 Your dexterity was 16 (limit:18).
 Your constitution was 14 (limit:16).
 Your intelligence was 20 (limit:20).
 Your wisdom was 8 (limit:20).
 Your charisma was 9 (limit:18).

Final Status:
 You weren't hungry.
 You were burdened; movement was slightly slowed.
 You were wielding a quarterstaff.
 You had basic skill with quarterstaff.

Final Attributes:
 You were devoutly aligned.
 You were magic-protected.
 You had infravision.
 You were warded.
 You were unlucky.
 Anhur was angry with you.
 You survived.

Miscellaneous:
 You didn't encounter any bones levels.
 Total elapsed playing time was 14 minutes and 54 seconds.

Major events:
 Turn
    1: Atomicjoy the chaotic male elven Wizard entered the dungeon
  796: entered the Gnomish Mines
 1064: quit

Spells:
 Name                 Level Category     Fail Retention
 force bolt             1   attack         0%  91%-100%
 cure sickness          3   healing       71%  76%-100%

Skills:
 Fighting Skills
   bare handed combat [Unskilled]
   riding             [Unskilled]
 Weapon Skills
   dagger             [Unskilled]
   knife              [Unskilled]
   axe                [Unskilled]
   short sword        [Unskilled]
   club               [Unskilled]
   mace               [Unskilled]
   quarterstaff       [Basic]
   polearms           [Unskilled]
   spear              [Unskilled]
   trident            [Unskilled]
   sling              [Unskilled]
   dart               [Unskilled]
   shuriken           [Unskilled]
 Spellcasting Skills
   attack spells      [Basic]
   healing spells     [Unskilled]
   divination spells  [Unskilled]
   enchantment spells [Basic]
   clerical spells    [Unskilled]
   escape spells      [Unskilled]
   matter spells      [Unskilled]

Voluntary challenges:
 Character rerolling was not enabled.
 You were illiterate.
 You never genocided any monsters.
 You never polymorphed an object.
 You never changed form.
 You used no wishes.
Achievements:
 You entered a shop.
 You entered the Gnomish Mines.

 The Dungeons of Doom: levels 1 to 3
    Level 1:
       An altar to Anhur, a fountain.
    Level 2:
       A potion shop.
    Level 3: <- You were here.
       Many altars.
       Stairs down to The Gnomish Mines.
 The Gnomish Mines:
    Level 4:


Vanquished creatures:
  a hobbit
  a yellow mold
  4 jackals
  a goblin
  2 sewer rats
  2 grid bugs
  a lichen
  6 newts
18 creatures vanquished.

No species were genocided or became extinct.

Goodbye Atomicjoy the Wizard...

You quit in The Dungeons of Doom on dungeon level 3 with 214 points,
and 16 pieces of gold, after 1064 moves.
You were level 1 with a maximum of 13 hit points when you quit.

